BSA
BIRMINGHAM STEELDOGS @ PLYMOUTH ROCKS
03/21/2026
 
TOP OF THE 1ST
Birmingham Steeldogs batting - Pitching for Plymouth Rocks : RHP Walt Burton
Pitching: RHP Walt Burton
Batting: LHB Glenn Garrett 0-0: Called Strike
0-1: Called Strike
0-2: Strikes out swinging
Batting: LHB José Sánchez 0-0: Ball
1-0: Fly out, F2 (Popup, 25F)
Batting: LHB Chris Miller 0-0: Ball
1-0: Called Strike
1-1: Called Strike
1-2: Ball
2-2: Ground out U3 (Groundball, 3)
Top of the 1st over - 0 run(s), 0 hit(s), 0 error(s), 0 left on base; Birmingham 0 - Plymouth 0
BOTTOM OF THE 1ST
Plymouth Rocks batting - Pitching for Birmingham Steeldogs : RHP Arthur Green
Pitching: RHP Arthur Green
Batting: RHB Luis Sánchez 0-0: Called Strike
0-1: Ball
1-1: Ball
2-1: Ball
3-1: Base on Balls
Batting: RHB Andrés Lara 0-0: Ball
1-0: Ball
2-0: Foul Ball, location: 2F
2-1: SINGLE (Groundball, 4MD)
Luis Sánchez to second
Runner from 2nd tries for 3rd, SAFE, throw made to third
Batting: LHB Frank Geddes 0-0: Called Strike
0-1: Called Strike
0-2: Ball
1-2: Strikes out looking
Batting: LHB Sean Nicks 0-0: Ball
Andrés Lara is caught stealing 2nd base
1-0: Foul Ball, location: 2F
1-1: Ball
2-1: Swinging Strike
2-2: Foul Ball, location: 2F
2-2: Ball
3-2: Fly out, F7 (Flyball, 78D)
Bottom of the 1st over - 0 run(s), 1 hit(s), 0 error(s), 1 left on base; Birmingham 0 - Plymouth 0
TOP OF THE 2ND
Birmingham Steeldogs batting - Pitching for Plymouth Rocks : RHP Walt Burton
Batting: LHB Arturo Molina 0-0: SINGLE (Groundball, 34D)
Batting: LHB José Martínez 0-0: Called Strike
0-1: Ball
1-1: Foul Ball, location: 2F
1-2: Foul Ball, location: 2F
1-2: Strikes out looking
Batting: RHB Eric Johnson 0-0: Ball
1-0: Ball
2-0: Foul Ball, location: 2F
2-1: Grounds into double play, 1-4-3 (Groundball, 13)
Top of the 2nd over - 0 run(s), 1 hit(s), 0 error(s), 0 left on base; Birmingham 0 - Plymouth 0
BOTTOM OF THE 2ND
Plymouth Rocks batting - Pitching for Birmingham Steeldogs : RHP Arthur Green
Batting: RHB Tadakuni Sugiyama 0-0: Called Strike
0-1: Ball
1-1: Ground out 6-3 (Groundball, 6)
Batting: RHB Max Jones 0-0: Ball
1-0: Called Strike
1-1: Foul Ball, location: 2F
1-2: Strikes out swinging
Batting: RHB Júlio Negrón 0-0: Called Strike
0-1: Foul Ball, location: 2F
0-2: Strikes out swinging
Bottom of the 2nd over - 0 run(s), 0 hit(s), 0 error(s), 0 left on base; Birmingham 0 - Plymouth 0
TOP OF THE 3RD
Birmingham Steeldogs batting - Pitching for Plymouth Rocks : RHP Walt Burton
Batting: LHB Mitchell Oglethorpe 0-0: Called Strike
0-1: Ball
1-1: Ball
2-1: Ball
3-1: Foul Ball, location: 2F
3-2: Foul Ball, location: 2F
3-2: SINGLE (Groundball, 4MD)
Batting: LHB Ashley Pickhills 0-0: Ball
1-0: SINGLE (Groundball, 3D)
Mitchell Oglethorpe to second
Runner from 2nd tries for 3rd, SAFE, throw made to third
Batting: RHB Paço Ttes 0-0: Ball
1-0: Called Strike
1-1: SINGLE (Groundball, 56D)
Mitchell Oglethorpe scores
Ashley Pickhills to second
Batting: LHB Glenn Garrett 0-0: Ball
1-0: Ball
2-0: Swinging Strike
2-1: Called Strike
2-2: Ball
3-2: Fly out, F7 (Flyball, 78M)
Batting: LHB José Sánchez 0-0: SINGLE (Line Drive, 34)
Ashley Pickhills to third
Paço Ttes to second
Runner from 3rd tries for Home, SAFE, no throw or cutoff
Batting: LHB Chris Miller 0-0: Fly out, F7 (Line Drive, 7S)
Batting: LHB Arturo Molina 0-0: Foul Ball, location: 2F
0-1: Swinging Strike
0-2: Ball
1-2: Fly out, F8 (Flyball, 8LD)
Top of the 3rd over - 2 run(s), 4 hit(s), 0 error(s), 2 left on base; Birmingham 2 - Plymouth 0
BOTTOM OF THE 3RD
Plymouth Rocks batting - Pitching for Birmingham Steeldogs : RHP Arthur Green
Batting: RHB Ray Yates 0-0: Fly out, F6 (Popup, 6S)
Batting: RHB Alberto Hernández 0-0: Ball
1-0: Ball
2-0: Called Strike
2-1: Ball
3-1: Base on Balls
Batting: RHB Luis Sánchez 0-0: Ball
1-0: Ball
2-0: Foul Ball, location: 2F
2-1: Foul Ball, location: 2F
2-2: Ball
3-2: Foul Ball, location: 2F
3-2: Fly out, F4 (Popup, 3D)
Batting: RHB Andrés Lara 0-0: Ball
Alberto Hernández steals 2nd base
1-0: Called Strike
1-1: Ball
2-1: Ball
3-1: Ground out 6-3 (Groundball, 6)
Bottom of the 3rd over - 0 run(s), 0 hit(s), 0 error(s), 1 left on base; Birmingham 2 - Plymouth 0
TOP OF THE 4TH
Birmingham Steeldogs batting - Pitching for Plymouth Rocks : RHP Walt Burton
Batting: LHB José Martínez 0-0: Ball
1-0: Called Strike
1-1: Foul Ball, location: 2F
1-2: Fly out, F6 (Popup, 6D)
Batting: RHB Eric Johnson 0-0: Called Strike
0-1: Ball
1-1: Ground out 5-3 (Groundball, 15S)
Batting: LHB Mitchell Oglethorpe 0-0: Ground out 6-3 (Groundball, 6M)
Top of the 4th over - 0 run(s), 0 hit(s), 0 error(s), 0 left on base; Birmingham 2 - Plymouth 0
BOTTOM OF THE 4TH
Plymouth Rocks batting - Pitching for Birmingham Steeldogs : RHP Arthur Green
Batting: LHB Frank Geddes 0-0: Foul Ball, location: 2F
0-1: Swinging Strike
0-2: Ball
1-2: Strikes out swinging
Batting: LHB Sean Nicks 0-0: Ball
1-0: SINGLE (Flyball, 4D)
Batting: RHB Tadakuni Sugiyama 0-0: Grounds into double play, 5-4-3 (Groundball, 5L)
Bottom of the 4th over - 0 run(s), 1 hit(s), 0 error(s), 0 left on base; Birmingham 2 - Plymouth 0
TOP OF THE 5TH
Birmingham Steeldogs batting - Pitching for Plymouth Rocks : RHP Walt Burton
Pitching: RHP Luis Cortéz
Batting: LHB Ashley Pickhills 0-0: Called Strike
0-1: Foul Ball, location: 2F
0-2: Fly out, F8 (Line Drive, 8LS)
Batting: RHB Paço Ttes 0-0: Ball
1-0: Foul Ball, location: 2F
1-1: TRIPLE (Line Drive, 8LXD)
Batting: LHB Glenn Garrett 0-0: Ball
1-0: Foul Ball, location: 2F
1-1: Swinging Strike
1-2: Ground out 3-1 (Groundball, 3)
Batting: LHB José Sánchez 0-0: Foul Ball, location: 2F
0-1: Ball
1-1: Foul Ball, location: 2F
1-2: Strikes out swinging
Top of the 5th over - 0 run(s), 1 hit(s), 0 error(s), 1 left on base; Birmingham 2 - Plymouth 0
BOTTOM OF THE 5TH
Plymouth Rocks batting - Pitching for Birmingham Steeldogs : RHP Arthur Green
Pitching: RHP David Simpson
Batting: RHB Max Jones 0-0: Called Strike
0-1: Ball
1-1: Ground out 5-3 (Groundball, 5)
Batting: RHB Júlio Negrón 0-0: Called Strike
0-1: Ball
1-1: Ball
2-1: Foul Ball, location: 2F
2-2: Ball
3-2: Foul Ball, location: 2F
3-2: Foul Ball, location: 2F
3-2: DOUBLE (Line Drive, 78M)
Batting: RHB Ray Yates 0-0: Ball
Balk!
Júlio Negrón to third
1-0: Ball
2-0: Fly out, F9 (Flyball, 9LM)
Runner from 3rd tags up, SCORES, no throw
Batting: RHB Alberto Hernández 0-0: Ball
1-0: SINGLE (Groundball, 6D)
Batting: RHB Luis Sánchez 0-0: Ball
1-0: Foul Ball, location: 2F
1-1: Ball
2-1: Foul Ball, location: 2F
2-2: Fly out, F9 (Flyball, 9LM)
Bottom of the 5th over - 1 run(s), 2 hit(s), 0 error(s), 1 left on base; Birmingham 2 - Plymouth 1
TOP OF THE 6TH
Birmingham Steeldogs batting - Pitching for Plymouth Rocks : RHP Luis Cortéz
Batting: LHB Chris Miller 0-0: Ball
1-0: Ball
2-0: Foul Ball, location: 2F
2-1: Ball
3-1: Called Strike
3-2: Base on Balls
Batting: LHB Arturo Molina 0-0: Foul Ball, location: 2F
0-1: Called Strike
0-2: Strikes out swinging
Batting: LHB José Martínez 0-0: Ball
1-0: Ball
2-0: Ball
3-0: Called Strike
3-1: Ground out 5-3 (Groundball, 5S)
Chris Miller to second
Batting: RHB Eric Johnson 0-0: Called Strike
0-1: Swinging Strike
0-2: Ball
1-2: Foul Ball, location: 2F
1-2: Foul Ball, location: 2F
1-2: Strikes out swinging
Top of the 6th over - 0 run(s), 0 hit(s), 0 error(s), 1 left on base; Birmingham 2 - Plymouth 1
BOTTOM OF THE 6TH
Plymouth Rocks batting - Pitching for Birmingham Steeldogs : RHP David Simpson
Batting: RHB Andrés Lara 0-0: DOUBLE (Line Drive, 8LXD)
Batting: LHB Frank Geddes 0-0: Ball
1-0: Ball
2-0: Foul Ball, location: 2F
2-1: Ground out 1-3 (Groundball, 13S)
Andrés Lara to third
Batting: LHB Sean Nicks 0-0: Called Strike
0-1: Foul Ball, location: 2F
0-2: Strikes out looking
Batting: RHB Tadakuni Sugiyama 0-0: Ball
1-0: Ball
2-0: SINGLE (Line Drive, 3)
Andrés Lara scores
Batting: RHB Max Jones 0-0: Ball
1-0: Called Strike
1-1: Ball
2-1: Ball
3-1: Base on Balls
Tadakuni Sugiyama to second
Batting: RHB Júlio Negrón 0-0: Called Strike
0-1: Fly out, F8 (Flyball, 8RD)
Bottom of the 6th over - 1 run(s), 2 hit(s), 0 error(s), 2 left on base; Birmingham 2 - Plymouth 2
TOP OF THE 7TH
Birmingham Steeldogs batting - Pitching for Plymouth Rocks : RHP Luis Cortéz
Pitching: RHP Pepe Vázquez
Batting: LHB Mitchell Oglethorpe 0-0: Ball
1-0: Foul Ball, location: 2F
1-1: Fly out, F5 (Popup, 25F)
Batting: LHB Ashley Pickhills 0-0: Swinging Strike
0-1: Ball
1-1: Called Strike
1-2: Foul Ball, location: 2F
1-2: Fly out, F8 (Flyball, 8RXD)
Pinch Hitting: RHB Raúl Soto 0-0: Ball
1-0: Called Strike
1-1: Ball
2-1: Ball
3-1: Called Strike
3-2: Foul Ball, location: 2F
3-2: Strikes out looking
Top of the 7th over - 0 run(s), 0 hit(s), 0 error(s), 0 left on base; Birmingham 2 - Plymouth 2
BOTTOM OF THE 7TH
Plymouth Rocks batting - Pitching for Birmingham Steeldogs : RHP David Simpson
Now at SS: Jean-Paul St-Pierre
Pinch Hitting: LHB Roy Patrick 0-0: Ball
1-0: Foul Ball, location: 2F
1-1: Foul Ball, location: 2F
1-2: Foul Ball, location: 2F
1-2: Ball
2-2: Ball
3-2: Foul Ball, location: 2F
3-2: Base on Balls
Batting: RHB Alberto Hernández 0-0: Bunted foul
0-1: Sac Bunt - play at first, batter OUT! 3-4
Roy Patrick to second
Pinch Hitting: SHB Greg Welch 0-0: Intentional Walk
Pinch Hitting: LHB Barrett Waters 0-0: Called Strike
0-1: Ball
1-1: Called Strike
Roy Patrick steals 3rd base
Greg Welch to second
1-2: Ground out 6-3 (Groundball, 6)
Pinch Hitting: LHB Roger Moore 0-0: Ball
1-0: Ball
2-0: Ball
3-0: Foul Ball, location: 2F
3-1: Swinging Strike
3-2: Base on Balls
Pitching: RHP Pete Cook
Batting: RHB António Zúńiga 0-0: Swinging Strike
0-1: Foul Ball, location: 2F
0-2: Foul Ball, location: 2F
0-2: Ball
1-2: Foul Ball, location: 2F
1-2: Foul Ball, location: 2F
1-2: Ball
2-2: Fly out, F9 (Flyball, 9M)
Bottom of the 7th over - 0 run(s), 0 hit(s), 0 error(s), 3 left on base; Birmingham 2 - Plymouth 2
TOP OF THE 8TH
Birmingham Steeldogs batting - Pitching for Plymouth Rocks : RHP Pepe Vázquez
Now at 2B: José Flores
Now at SS: Jorge Jiménez
Now in CF: Barrett Waters
Now in RF: Roy Patrick
Pinch Hitting: RHB Valentín Borges 0-0: Fly out, F7 (Flyball, 7LD)
Pinch Hitting: LHB Ben Kelley 0-0: Called Strike
0-1: Swinging Strike
0-2: Ball
1-2: Ground out 4-3 (Groundball, 4M)
Batting: RHB Júlio Pacheco 0-0: Swinging Strike
0-1: Called Strike
0-2: Ball
1-2: Ball
2-2: SOLO HOME RUN (Flyball, 7D), Distance : 384 ft
Batting: LHB Arturo Molina 0-0: Called Strike
0-1: Ball
1-1: Ball
2-1: Ball
3-1: Called Strike
3-2: Base on Balls
Batting: LHB José Martínez 0-0: Ball
1-0: Ball
2-0: Ball
3-0: Base on Balls
Arturo Molina to second
Pinch Hitting: RHB Jorge Canó 0-0: Foul Ball, location: 2F
0-1: Ball
1-1: Ball
2-1: Foul Ball, location: 2F
2-2: Foul Ball, location: 2F
2-2: Ball
3-2: Strikes out swinging
Top of the 8th over - 1 run(s), 1 hit(s), 0 error(s), 2 left on base; Birmingham 3 - Plymouth 2
BOTTOM OF THE 8TH
Plymouth Rocks batting - Pitching for Birmingham Steeldogs : RHP Pete Cook
Now at 2B: Jorge Canó
Now in CF: John Haney
Now in RF: Ben Kelley
Batting: RHB Tadakuni Sugiyama 0-0: Foul Ball, location: 2F
0-1: SINGLE (Flyball, 9LS)
Pinch Hitting: RHB Anthony Rucker 0-0: Bunt missed!
0-1: Ball
1-1: Ball
2-1: Bunted foul
2-2: Ball
3-2: Fly out, F8 (Flyball, 78D)
Pitching: RHP Michel Dallaire
Pinch Hitting: RHB António Gonzáles 0-0: Foul Ball, location: 2F
0-1: Ball
1-1: Called Strike
1-2: Foul Ball, location: 2F
1-2: Ball
2-2: Fly out, F9 (Flyball, 89M)
Batting: LHB Roy Patrick 0-0: Ball
1-0: Foul Ball, location: 2F
1-1: Called Strike
1-2: Foul Ball, location: 2F
1-2: Strikes out swinging
Bottom of the 8th over - 0 run(s), 1 hit(s), 0 error(s), 1 left on base; Birmingham 3 - Plymouth 2
TOP OF THE 9TH
Birmingham Steeldogs batting - Pitching for Plymouth Rocks : RHP Pepe Vázquez
Now at 3B: António Gonzáles
Now in LF: Anthony Rucker
Pinch Hitting: RHB Vicente Carona 0-0: Foul Ball, location: 2F
0-1: SINGLE (Groundball, 56)
Batting: LHB Ashley Pickhills 0-0: Bunted foul
0-1: Ball
1-1: Ball
2-1: Sac Bunt - play at first, batter OUT! 5-4
Vicente Carona to second
Batting: RHB Jean-Paul St-Pierre 0-0: Ball
1-0: Ground out 6-3 (Groundball, 6S)
Vicente Carona to third
Batting: LHB John Haney 0-0: Foul Ball, location: 2F
0-1: Ball
1-1: Swinging Strike
1-2: Ball
2-2: Strikes out looking
Top of the 9th over - 0 run(s), 1 hit(s), 0 error(s), 1 left on base; Birmingham 3 - Plymouth 2
BOTTOM OF THE 9TH
Plymouth Rocks batting - Pitching for Birmingham Steeldogs : RHP Michel Dallaire
Now at 1B: Vicente Carona
Batting: RHB Alberto Hernández 0-0: Ball
1-0: Foul Ball, location: 2F
1-1: Foul Ball, location: 2F
1-2: Ball
2-2: Foul Ball, location: 2F
2-2: Strikes out swinging
Batting: RHB José Flores 0-0: Ball
1-0: Swinging Strike
1-1: Fly out, F9 (Popup, 89S)
Batting: LHB Barrett Waters 0-0: Ground out 1-3 (Groundball, 23)
Bottom of the 9th over - 0 run(s), 0 hit(s), 0 error(s), 0 left on base; Birmingham 3 - Plymouth 2
Monday, December 5th, 2016 - OOTP Baseball 17.12 Build 75